 Dungeon Sprint DCSS version 0.31-a0-460-g9e667d4245 (webtiles) character file.

Game seed: 13139192025279624047

2804 rocky1 the Martial Artist (level 9, -2/67 HPs)
             Began as an Octopode Shapeshifter on Aug 5, 2023.
             Was an Initiate of Gozag.
             Slain by a shadow (16 damage)
             ... in the Dungeon (Sprint IX: "|||||||||||||||||||||||||||||").
             The game lasted 00:02:17 (1058 turns).

rocky1 the Martial Artist (Octopode Shapeshifter)   Turns: 1058, Time: 00:02:18

Health: -2/67      AC:  1    Str: 17    XL:     9   Next: 72%
Magic:  9/9        EV: 19    Int: 12    God:    Gozag
Gold:   666        SH:  0    Dex: 18    Spells: 8/8 levels left

rFire   . .          .
                       - Unarmed
rCold   . . .        (no shield)
rNeg    . . .        (helmet currently unavailable)
rPois   .            (no amulet)
rElec   .            l - +3 ring of strength
rCorr   .            m - +3 ring of dexterity
SInv    .            (no ring)
Will    .....        (no ring)
Stlth   ++++         (no ring)
HPRegen 0.31/turn    (no ring)
MPRegen 0.11/turn    (no ring)
                     (no ring)

%: no teleportation
@: beast-form, gold aura, hasted, invisible (expiring), very quick
A: beast (slay +7), almost no armour, amphibious, 8 rings, camouflage 1,
gelatinous body 1, (nimble swimmer 1), tentacles
a: Begin Untransformation, Renounce Religion, Potion Petition, Call Merchant,
Bribe Branch


You were in the Dungeon.
You worshipped Gozag.
Gozag was pleased with you.
You were a hulking beast.
You visited 1 branch You collected 666 gold pieces.

Inventory:

Jewellery
 l - a +3 ring of strength (left tentacle)
 m - a +3 ring of dexterity (right tentacle)
Talismans
 b - a beast talisman (active)
Wands
 k - a wand of iceblast (8)
Scrolls
 j - 2 scrolls of amnesia
Potions
 a - a potion of lignification
 c - 5 potions of curing
 d - a potion of heal wounds
 f - 4 potions of magic


   Skills:
 + Level 8.6 Fighting
 + Level 9.4 Dodging
 - Level 5.5 Stealth
 * Level 14.1 Unarmed Combat
 - Level 10.0 Shapeshifting


You had 8 spell levels left.
You didn't know any spells.
Your spell library was empty.

Dungeon Overview and Level Annotations

Branches:
Dungeon (1/1)

Altars:
Cheibriados
Dithmenos
Elyvilon
Fedhas
Gozag
Hepliaklqana
Kikubaaqudgha
Makhleb
Nemelex Xobeh
Okawaru
Qazlal
Ru
Sif Muna
Trog
Uskayaw
Vehumet
Wu Jian
Xom
Yredelemnul
Zin
The Shining One
Jiyva
Lugonu


Innate Abilities, Weirdness & Mutations

You are a hulking beast.
Your limbs bulge with bestial killing power. (Slay +7)
You cannot wear most types of armour.
You are amphibious.
You can wear up to eight rings at the same time.
Your skin changes colour to match your surroundings (Stealth+).
Your rubbery body absorbs attacks. (AC +1, EV +1)
((You are camouflaged when in or above water. (Stealth+)))
You have tentacles for arms and can constrict up to eight enemies at once.


Message History

You bludgeon the four-headed hydra!
You tentacle-slap the four-headed hydra!
The four-headed hydra is severely wounded.
The shadow is no longer distracted by gold.
You batter the four-headed hydra!!
The four-headed hydra is almost dead.
The four-headed hydra misses you.
The four-headed hydra completely misses you.
The four-headed hydra bites you! x2
* * * LOW HITPOINT WARNING * * *
You bludgeon the four-headed hydra!
You kill the four-headed hydra!
Your Fighting skill increases to level 8!
Your Dodging skill increases to level 9!
Your Unarmed Combat skill increases to level 14!
You bludgeon the vampire mosquito! Your grab misses the vampire mosquito.
The vampire mosquito is heavily damaged.
The shadow slips into darkness.
The shadow flickers and vanishes!
Deactivating autopickup; reactivate with Ctrl-A.
The vampire mosquito misses you.
You strike the helpless vampire mosquito from behind!
You bludgeon the vampire mosquito! Your grab misses the vampire mosquito.
The vampire mosquito is almost destroyed.
The vampire mosquito misses you.
You strike the helpless vampire mosquito from behind!
You bludgeon the vampire mosquito!
You destroy the vampire mosquito!
Unknown command.
Aiming: Iceblast
Press: ? - help, Shift-Dir - straight line, f - you That beam is likely to hit you.
Continue anyway?
Okay, then.
Unknown command.
Unknown command.
You see here 243 gold pieces.
You miss something. You squeeze something!
The shadow strikes at you from the darkness!
You die...
Your body crumbles into a pile of gold. ▓▓▓▓▓▓▓▓▓▓▓▓▓▓▓▓▓▓▓▓ +..h$$.$....).'..[[[ ▓▓▓▓▓▓▓▓▓▓▓▓▓▓▓▓▓▓▓▓ $ $ $$$$$ $ $ $

There were no monsters in sight!

Vanquished Creatures
  A hydra (D)
  A centaur warrior (D)
  A komodo dragon (D)
  A troll (D)
  A wraith (D)
  2 yaks (D)
  3 vampire mosquitoes (D)
  An ogre (D)
  A centaur (D)
  2 phantoms (D)
  An iguana (D)
  An ufetubus (D)
  An endoplasm (D)
  A goblin (D)
  A hobgoblin (D)
  A ball python (D)
  A bat (D)
21 creatures vanquished.

Notes
Turn   | Place    | Note
-------+----------+-------------------------------------------
     0 | D        | rocky1 the Octopode Shapeshifter began the quest for the
                  | Orb.
     0 | D        | Reached XP level 1. HP: 13/13 MP: 1/1
    18 | D        | Noticed an iguana
    18 | D        | Noticed an ogre
    18 | D        | Noticed a phantom
    18 | D        | Noticed a phantom
    23 | D        | Killed a phantom
    24 | D        | Reached skill level 5 in Unarmed Combat
    24 | D        | Reached skill level 5 in Shapeshifting
    24 | D        | Reached XP level 2. HP: 8/18 MP: 2/2
    24 | D        | Reached XP level 3. HP: 10/23 MP: 3/3
    24 | D        | Reached XP level 4. HP: 13/28 MP: 4/4
    31 | D        | Killed a phantom
    32 | D        | Reached skill level 6 in Unarmed Combat
    32 | D        | Reached XP level 5. HP: 15/33 MP: 5/5
    34 | D        | Killed an ogre
    35 | D        | Reached skill level 5 in Stealth
    35 | D        | Reached skill level 7 in Unarmed Combat
    35 | D        | Reached XP level 6. HP: 18/38 MP: 6/6
    38 | D        | Reached skill level 8 in Unarmed Combat
   333 | D        | Found a snail-covered altar of Cheibriados.
   333 | D        | Found a shadowy altar of Dithmenos.
   333 | D        | Found a white marble altar of Elyvilon.
   333 | D        | Found a blossoming altar of Fedhas.
   333 | D        | Found an opulent altar of Gozag.
   334 | D        | Found a hazy altar of Hepliaklqana.
   335 | D        | Found a viscous altar of Jiyva.
   336 | D        | Found an ancient bone altar of Kikubaaqudgha.
   337 | D        | Found a corrupted altar of Lugonu.
   338 | D        | Found a burning altar of Makhleb.
   339 | D        | Found a sparkling altar of Nemelex Xobeh.
   340 | D        | Found an iron altar of Okawaru.
   341 | D        | Became a worshipper of Gozag Ym Sagoz the Greedy
   342 | D        | Found a stormy altar of Qazlal.
   343 | D        | Found a sacrificial altar of Ru.
   344 | D        | Found a shimmering blue altar of Sif Muna.
   345 | D        | Found a bloodstained altar of Trog.
   346 | D        | Found a hide-covered altar of Uskayaw.
   347 | D        | Found a radiant altar of Vehumet.
   348 | D        | Found an ornate altar of the Wu Jian Council.
   349 | D        | Found a shimmering altar of Xom.
   350 | D        | Found a basalt altar of Yredelemnul.
   351 | D        | Found a glowing silver altar of Zin.
   352 | D        | Found a glowing golden altar of the Shining One.
   378 | D        | Noticed a vampire mosquito
   378 | D        | Noticed a komodo dragon
   378 | D        | Noticed a yak
   378 | D        | Noticed a wraith
   378 | D        | Noticed a yak
   381 | D        | Killed a yak
   382 | D        | Reached skill level 9 in Unarmed Combat
   386 | D        | Killed a wraith
   387 | D        | Reached skill level 5 in Dodging
   387 | D        | Reached XP level 7. HP: 47/47 MP: 7/7
   388 | D        | Killed a yak
   389 | D        | Reached skill level 10 in Unarmed Combat
   742 | D        | Killed a vampire mosquito
   743 | D        | Reached skill level 5 in Fighting
   743 | D        | Reached XP level 8. HP: 55/55 MP: 8/8
   748 | D        | Killed a komodo dragon
   749 | D        | Reached skill level 11 in Unarmed Combat
  1029 | D        | Noticed a shadow
  1029 | D        | Noticed a four-headed hydra
  1029 | D        | Noticed a centaur warrior
  1029 | D        | Noticed a troll
  1036 | D        | Killed a troll
  1045 | D        | Killed a centaur warrior
  1046 | D        | Reached skill level 12 in Unarmed Combat
  1046 | D        | Reached skill level 10 in Shapeshifting
  1046 | D        | Reached XP level 9. HP: 42/64 MP: 9/9
  1048 | D        | Reached skill level 13 in Unarmed Combat
  1053 | D        | Killed a four-headed hydra
  1054 | D        | Reached skill level 14 in Unarmed Combat
  1058 | D        | Slain by a shadow

Illustrated notes

Levels and vault maps discovered:
D:        linesprint [early_d, line_temple, items_1, d_10, items_2, lair_1,
          lair_end, items_3, orc_1, orc_end, items_4, d_15, swamp_1, shoals_1,
          snake_1, spider_1, d_20, vaults_1, items_5, swamp_end, shoals_end,
          snake_end, spider_end, vaults_end, d_27, items_6, zot_1, zot_end,
          crypt_end, forest_end, elf_end, slime_end, tomb_end, abyss_end,
          pan_hell_end]

Skill      XL: |  1  2  3  4  5  6  7  8  9 |
---------------+----------------------------+-----
Stealth        | 3 4 5 |  5.5
Unarmed Combat | 5 6 7 9 10 12 14 | 14.1
Shapeshifting  | 5 6 7 8 9 10 | 10.0
Dodging        | 3 5 6 8 9 |  9.4
Fighting       | 3 5 7 8 |  8.6

Action                     |  1- 3 |  4- 6 |  7- 9 || total
---------------------------+-------+-------+-------++-------
  Melee: Unarmed           |    12 |    19 |    34 ||    65
         Tentacles         |     3 |     5 |     9 ||    17
         Punch             |     1 |     2 |     4 ||     7
         Constrict         |     1 |     1 |     1 ||     3
  Evoke: Wand              |       |       |     2 ||     2
    Use: Potion            |       |     1 |     4 ||     5
         Scroll            |       |       |     2 ||     2
   Stab: Sleeping          |     2 |       |       ||     2
         Invisible         |       |       |     8 ||     8
 Armour: Skin              |       |       |     4 ||     4
  Dodge: Dodged            |     5 |    11 |    33 ||    49

Table legend: (Time is in decaauts)
 A = Elapsed time spent in this place.
 B = Non-inter-level travel time spent in this place.
 C = Inter-level travel time spent in this place.
 D = Time resting spent in this place.
 E = Time spent auto-exploring this place.
 F = Levels seen in this place.
 G = Mean time per level.
                   A        B        C        D        E       F      G
               +--------+--------+--------+--------+--------+-----+--------+
         Total |   1050 |   1050 |      0 |    891 |      0 |   1 | 1050.0 |
       Dungeon |   1050 |   1050 |      0 |    891 |      0 |   1 | 1050.0 |
               +--------+--------+--------+--------+--------+-----+--------+

Top non-repeatable levels by time:
       D: 1050 daAuts
